 Dungeon Crawl Stone Soup version 0.13.0-25-g43d4df3 (webtiles) character file.

576 Kae the Chiller (level 6, -1/41 HPs)
             Began as a Demonspawn Ice Elementalist on Oct 27, 2013.
             Was a Follower of Vehumet.
             Slain by an orc priest
             ... wielding a +0,+1 orcish club
              (3 damage)
             ... on Level 4 of the Dungeon.
             The game lasted 00:11:15 (5167 turns).

Kae the Chiller (Demonspawn Ice Elementalist)       Turns: 5167, Time: 00:11:15

HP  -1/41        AC  3     Str  8      XL: 6   Next: 60%
MP   0/13        EV 12     Int 18      God: Vehumet [*.....]
Gold 162         SH  0     Dex 14      Spells:  4 memorised,  1 level left

Res.Fire  : . . .   See Invis. : .   k - +1,+2 short sword (drain)
Res.Cold  : . . .   Warding    : .   a - +0 robe
Life Prot.: . . .   Conserve   : .   (no shield)
Res.Poison: .       Res.Corr.  : .   (no helmet)
Res.Elec. : .       Clarity    : .   (no cloak)
Sust.Abil.: . .     Spirit.Shd : +   (no gloves)
Res.Mut.  : .       Stasis     : .   (no boots)
Res.Rott. : .       Flight     : .   (no amulet)
Saprovore : . . .                    (no ring)
                                     (no ring)

@: very slightly contaminated, slightly resistant to hostile enchantments,
unstealthy
A: hooves 1, magic shield, AC +1
a: Renounce Religion


You were on level 4 of the Dungeon.
You worshipped Vehumet.
Vehumet was aware of your devotion.
You were not hungry.

You visited 1 branch of the dungeon, and saw 4 of its levels.

You collected 202 gold pieces.
You spent 60 gold pieces at shops.

Inventory:

Hand weapons
 f - a +0,+0 dwarven dagger
 k - a +1,+2 short sword of draining (weapon)
Missiles
 g - 9 darts (quivered)
 l - a poisoned dart
 m - 10 exploding darts
Armour
 a - a +0 robe (worn)
Magical devices
 d - a wand of fireball (2) {unknown}
 t - a wand of cold (6) {unknown}
 x - a wand of teleportation (2) {unknown}
Comestibles
 q - a meat ration
Scrolls
 h - 3 scrolls of remove curse {unknown}
 i - a scroll of curse jewellery {unknown}
 n - a scroll of curse armour {unknown}
 p - 4 scrolls of identify {unknown}
 w - a scroll of enchant weapon I {unknown}
 y - a scroll of fog {unknown}
Potions
 c - a potion of mutation {unknown}
 o - a potion of heal wounds {unknown}
 r - a potion of brilliance {unknown}
 s - 2 potions of flight {unknown}
 u - 2 potions of porridge {unknown}
Books
 b - a book of Frost

   Spells                             Type                      Level
   *Freeze                            Ice                          1
   *Throw Frost                       Conjuration/Ice              2
   *Ozocubu's Armour                  Charms/Ice                   3
   *Throw Icicle                      Conjuration/Ice              4
   Summon Ice Beast                   Ice/Summoning                4
   Condensation Shield                Ice                          4


   Skills:
 - Level 1.7 Dodging
 - Level 1.7 Stealth
 + Level 3.4 Spellcasting
 * Level 2.2 Conjurations
 * Level 5.5 Ice Magic


You had one spell level left.
You knew the following spells:

 Your Spells              Type           Power        Failure   Level  Hunger
a - Freeze                Ice            ###.         1%          1    None
b - Throw Frost           Conj/Ice       ###...       6%          2    ##.....
c - Throw Icicle          Conj/Ice       ###.....     34%         4    ####...
d - Ozocubu's Armour      Chrm/Ice       ##........   17%         3    ###....


Dungeon Overview and Level Annotations

Branches:
Dungeon (4/27)
 Temple: D:4-7

Altars:
Vehumet
Zin

Annotations:
D:3 Grinder
D:4 Blork the orc, Dowan, Duvessa


Innate Abilities, Weirdness & Mutations

You have large cloven feet.
You are partially covered in icy blue scales (AC +1).
When hurt, damage is shared between your health and your magic reserves.


Message History

Press: ? - help, Shift-Dir - straight line, f/p - orc priest
Aim: an orc priest, wielding an orcish club and wearing a glowing orcish scale mail (heavily wounded)
You freeze the orc priest.
The orc priest resists.
The orc priest is heavily wounded.
The bat hits you but does no damage. It hits you.
* * * LOW HITPOINT WARNING * * *
The orc priest hits you with an orcish club.
* * * LOW HITPOINT WARNING * * *
You hit the orc priest but do no damage.
You drain the orc priest! You kick the orc priest.
The orc priest is almost dead.
The bat hits you but does no damage. It hits you.
* * * LOW HITPOINT WARNING * * *
The orc priest closely misses you.
You hit the orc priest but do no damage.
The orc priest is almost dead.
The bat hits you but does no damage. It hits you.
* * * LOW HITPOINT WARNING * * *
The orc priest hits you with an orcish club.
You die...

...#.........#
.............# ..#
..####.#...#.#####..#.
....................#..
....##..#.............
..#.###....#.## ...# #
...........#.# ...#...
#.#.###....#.####o.......
#.#.# #..#....{.@).#
..#.# #..#.......b.#
###.# #..#..######## #.#
#..#..# ..# #..#..# ###
#..#..# ####... ...# #..#


You could see an orc priest and a bat.

Vanquished Creatures
  Sigmund (D:2)
  The ghost of Malachi the Ruffian, an average NaTm (D:3)
  A hound (D:4)
  An iguana (D:3)
  An orc priest (D:2)
  A worker ant (D:4)
  3 gnolls (D:2)
  A giant mite (D:3)
  6 adders
  An inept feature mimic (D:2)
  2 worms
  3 giant geckos
  6 orcs
  13 bats
  3 giant cockroaches
  13 goblins
  5 hobgoblins
  4 jackals
  12 kobolds
  2 ball pythons
  8 giant newts
  A quokka (D:4)
  8 rats
97 creatures vanquished.

Notes
Turn   | Place    | Note
--------------------------------------------------------------
     0 | D:1      | Kae, the Demonspawn Ice Elementalist, began the quest for the Orb.
     0 | D:1      | Reached XP level 1. HP: 13/13 MP: 3/3
   340 | D:1      | Reached skill level 3 in Ice Magic
   381 | D:1      | Gained mutation: You are partially covered in icy blue scales (AC +1). [demonic ancestry]
   381 | D:1      | Reached XP level 2. HP: 19/19 MP: 2/4
   385 | D:1      | Learned a level 2 spell: Throw Frost
   842 | D:1      | Reached XP level 3. HP: 24/24 MP: 6/6
  1289 | D:2      | Reached skill level 4 in Ice Magic
  1483 | D:2      | Reached XP level 4. HP: 30/30 MP: 5/8
  2028 | D:2      | Found a radiant altar of Vehumet.
  2095 | D:2      | Became a worshipper of Vehumet
  2222 | D:2      | Noticed Sigmund
  2616 | D:2      | Killed Sigmund
  2616 | D:2      | Gained mutation: When hurt, damage is shared between your health and your magic reserves. [demonic ancestry]
  2616 | D:2      | Reached XP level 5. HP: 11/35 MP: 2/10
  2866 | D:3      | Noticed Malachi's ghost (average NaTm)
  2884 | D:2      | Reached skill level 5 in Ice Magic
  3130 | D:2      | Learned a level 4 spell: Throw Icicle
  3134 | D:2      | Learned a level 3 spell: Ozocubu's Armour
  3188 | D:3      | Noticed Grinder
  3191 | D:3      | Paralysed by Grinder for 5 turns
  3435 | D:3      | Killed Malachi's ghost
  3435 | D:3      | Gained mutation: You have large cloven feet. [demonic ancestry]
  3435 | D:3      | Reached XP level 6. HP: 23/41 MP: 1/12
  3763 | D:3      | Acquired Vehumet's first power
  3763 | D:3      | Offered knowledge of Magic Dart by Vehumet.
  3884 | D:4      | Found Zin's Purification Station.
  3899 | D:4      | Found a glowing silver altar of Zin.
  3910 | D:4      | Bought a potion of curing for 60 gold pieces
  4067 | D:4      | Noticed Blork the orc
  4335 | D:4      | Noticed Dowan
  4336 | D:4      | Noticed Duvessa
  5167 | D:4      | HP: 2/41 [something (2)]
  5167 | D:4      | Slain by an orc priest

Action                   |  1- 3 |  4- 6 || total
-------------------------+-------+-------++-------
Melee: Unarmed           |     6 |       ||     6
       Dagger            |     4 |       ||     4
       Short sword       |    34 |    64 ||    98
Throw: Dagger            |     1 |       ||     1
 Cast: Freeze            |    42 |    93 ||   135
       Throw Frost       |     3 |     6 ||     9
  Use: Potion            |       |     5 ||     5
       Scroll            |       |     3 ||     3
 Stab: Sleeping          |     1 |     2 ||     3
